 Dungeon Crawl Stone Soup version 0.24.0-13-gcf9b3192b9 (webtiles) character file.

Game seed: 7154996298685601803, levelgen mode: deterministic

648 Aviak the Skirmisher (level 7, 0/62 HPs)
             Began as a Minotaur Fighter on Nov 9, 2019.
             Was a Follower of Okawaru.
             Slain by a hornet (1 damage)
             ... on level 5 of the Dungeon.
             The game lasted 00:03:50 (3956 turns).

Aviak the Skirmisher (Minotaur Fighter)             Turns: 3956, Time: 00:03:51

Health: 0/62       AC: 16    Str: 22    XL:     7   Next: 27%
Magic:  8/8        EV:  8    Int:  5    God:    Okawaru [*.....]
Gold:   65         SH: 10    Dex: 10    Spells: 6/6 levels left

rFire    . . .     SeeInvis .   a - +0 war axe
rCold    . . .     Gourm    .   c - +0 shield
rNeg     . . .     Faith    .   b - +0 scale mail
rPois    .         Spirit   .   (helmet restricted)
rElec    .         Reflect  .   D - +0 cloak
rCorr    .         Harm     .   (no gloves)
MR       .....                  E - +0 pair of boots
Stlth    ..........             (no amulet)
HPRegen  0.20/turn              A - +2 ring of protection
MPRegen  0.11/turn              j - +4 ring of protection

@: lethally poisoned (0 -> -11), slowed, very slow
A: retaliatory headbutt, horns 2
a: Heroism, Renounce Religion


You were on level 5 of the Dungeon.
You worshipped Okawaru.
Okawaru was aware of your devotion.
You were not hungry.

You visited 1 branch of the dungeon, and saw 6 of its levels.

You collected 165 gold pieces.
You spent 100 gold pieces at shops.

Inventory:

Hand Weapons
 a - a +0 war axe (weapon)
Armour
 b - a +0 scale mail (worn)
 c - a +0 shield (worn)
 D - a +0 cloak (worn)
 E - a +0 pair of boots (worn)
Jewellery
 j - a +4 ring of protection (right hand)
 k - an uncursed ring of resist corrosion {unknown}
 n - an uncursed amulet of the acrobat {unknown}
 y - an uncursed ring of flight {unknown}
 A - a +2 ring of protection (left hand)
Wands
 q - a wand of acid (19)
 x - a wand of polymorph (7)
 C - a wand of disintegration (9)
Scrolls
 g - 8 scrolls of identify {unknown}
 l - 2 scrolls of enchant weapon {unknown}
 m - 4 scrolls of magic mapping {unknown}
 o - 5 scrolls of remove curse {unknown}
 r - a scroll of immolation {unknown}
 s - a scroll of amnesia {unknown}
 t - 4 scrolls of fog {unknown}
 v - a scroll of blinking {unknown}
 w - a scroll of noise {unknown}
 z - a scroll of teleportation {unknown}
 B - a scroll of enchant armour {unknown}
 F - a scroll of acquirement {unknown}
Potions
 d - a potion of might
 e - a potion of brilliance {unknown}
 h - 3 potions of curing {unknown}
 i - 3 potions of mutation {unknown}
 p - a potion of resistance
 u - a potion of degeneration {unknown}
Comestibles
 f - 7 rations


   Skills:
 + Level 5.7 Fighting
 + Level 4.8 Axes
 + Level 5.6 Armour
 + Level 5.6 Shields
 + Level 3.0 Invocations


You had 6 spell levels left.
You didn't know any spells.
Your spell library contained the following spells:

 Spells                   Type           Power        Failure   Level  Hunger
 Animate Skeleton         Necr           N/A          99%         1    ##.....
 Pain                     Necr           #...         99%         1    ##.....
 Regeneration             Chrm/Necr      #.........   100%        3    ####...
 Vampiric Draining        Necr           #.........   100%        3    ####...
 Animate Dead             Necr           N/A          100%        4    #####..


Dungeon Overview and Level Annotations

Branches:
Dungeon (6/15)
 Temple: D:4-7

Altars:
Cheibriados
Dithmenos
Gozag
Hepliaklqana
Okawaru
Ru
Sif Muna
Uskayaw

Shops:
D:4 [**=:


Innate Abilities, Weirdness & Mutations

You reflexively headbutt those who attack you in melee.
You have a pair of horns on your head.


Message History

You feel sick. The hornet barely misses you. You furiously retaliate!
You headbutt the hornet. The hornet completely misses you.
You hit the hornet.
The hornet is severely wounded.
You feel yourself speed up.
You feel sick. The hornet stings you!
* * * LOW HITPOINT WARNING * * *
You feel yourself slow down. The hornet stings you.
* * * LOW HITPOINT WARNING * * *
You are lethally poisoned!
You feel as though you will be slow longer.
The hornet stings you.
* * * LOW HITPOINT WARNING * * *
You feel as though you will be slow longer.
You miss the hornet.
The hornet is severely wounded.
* * * LOW HITPOINT WARNING * * *
You feel very sick.
You block the hornet's attack. x2; The hornet stings you.
You die...

#...............#
#...............#
#........[......######
#....................#
###................###.#
...................# #.#
...................# #.#
.................y.###.#
......##########@......#
......# ###.#####
......# #.# .^....# #.#
......# #.# ###...# #.#
#...# #.# #...# #.#
#...# ###.##


You could see a hornet.

Vanquished Creatures
  A sky beast (D:5)
  An ogre (D:5)
  An orc priest (D:4)
  A bullfrog skeleton (D:5)
  Natasha (thrice) (D:4)
  2 orc wizards (D:5)
  3 worker ants (D:4)
  2 hound skeletons
  A howler monkey zombie (D:5)
  Robin (D:3)
  7 adders
  A worm (D:3)
  2 dart slugs
  4 leopard geckos
  15 orcs
  4 bats (D:2)
  6 giant cockroaches
  7 hobgoblins
  2 jackals (D:3)
  3 quokkas
  3 frilled lizards
  12 goblins
  6 kobolds
  A leopard gecko skeleton (D:4)
  A quokka zombie (D:5)
  5 rats
95 creatures vanquished.

Notes
Turn   | Place    | Note
-------+----------+-------------------------------------------
     0 | D:1      | Aviak the Minotaur Fighter began the quest for the Orb.
     0 | D:1      | Reached XP level 1. HP: 19/19 MP: 0/0
   524 | D:2      | Reached XP level 2. HP: 27/27 MP: 1/1
   962 | D:2      | Found a shimmering blue altar of Sif Muna.
   963 | D:2      | Found an opulent altar of Gozag.
   965 | D:2      | Found a hazy altar of Hepliaklqana.
   965 | D:2      | Found an iron altar of Okawaru.
   977 | D:2      | Became a worshipper of Warmaster Okawaru
  1012 | D:2      | Reached XP level 3. HP: 22/33 MP: 2/2
  1452 | D:3      | Noticed Robin
  1462 | D:3      | Killed Robin
  1463 | D:3      | Reached XP level 4. HP: 29/40 MP: 3/3
  1593 | D:3      | Found a shadowy altar of Dithmenos.
  1599 | D:3      | Reached skill level 1 in Invocations
  1684 | D:3      | Found a snail-covered altar of Cheibriados.
  2042 | D:3      | Found a sacrificial altar of Ru.
  2277 | D:3      | Reached XP level 5. HP: 47/47 MP: 3/5
  2313 | D:4      | Found Gotrud's General Store.
  2344 | D:4      | Found Boreet's Jewellery Emporium.
  2352 | D:4      | Bought a +2 ring of protection for 100 gold pieces
  2485 | D:4      | Found Foyttero's Antique Armour Boutique.
  2520 | D:4      | Found a hide-covered altar of Uskayaw.
  2677 | D:4      | Noticed Natasha
  2683 | D:4      | Killed Natasha
  2683 | D:4      | Reached XP level 6. HP: 43/55 MP: 6/6
  2702 | D:4      | Found Cokarch's Assorted Antiques.
  2755 | D:4      | Reached skill level 5 in Fighting
  2755 | D:4      | Reached skill level 5 in Armour
  2759 | D:4      | Noticed Natasha
  2764 | D:4      | Killed Natasha
  2764 | D:4      | Reached * piety under Okawaru
  2764 | D:4      | Reached skill level 5 in Shields
  2765 | D:4      | Noticed Natasha
  2771 | D:4      | Killed Natasha
  2992 | D:4      | Found Quagrost's Book Boutique.
  3145 | D:5      | Entered Level 5 of the Dungeon
  3161 | D:5      | Found an iron altar of Okawaru.
  3436 | D:5      | Noticed a sky beast
  3442 | D:5      | Killed a sky beast
  3442 | D:5      | Reached XP level 7. HP: 61/61 MP: 4/8
  3933 | D:6      | Noticed a hornet
  3950 | D:5      | Paralysed by a hornet for 3 turns
  3956 | D:5      | HP: 1/62 [poisoned by a hornet]
  3956 | D:5      | Slain by a hornet

Levels and vault maps discovered:
D:1:      dpeg_arrival_simpleton_a, layout_basic, serial_curves, eino_curves_01,
          eino_curves_04, hex_intersection, minmay_misc_feat_plants
D:2:      layout_loops_ring, chequers_temple_overflow_statue_of_worship,
          first_ration
D:3:      layout_loops_ring, lemuel_round_altar, overflow_temple_1_default,
          cheibriados_altar_1, uniq_robin
D:4:      layout_gridville, nicolae_overflow_crystal_walls, serial_forest,
          infiniplex_forest_lined_2, infiniplex_forest_lined_4_way,
          infiniplex_forest_clump_small, infiniplex_forest_clump_large,
          infiniplex_forest_clump_tiny, serial_shops, shop, shop,
          kennysheep_mini, nicolae_shop_stone, shop,
          corexii_item_surrounded_by_moat, uniq_natasha
D:5:      layout_basic, okawaru_gym_becter
D:6:      layout_cave_pods, lemuel_doored_altar, kiku_gazebo_pond_becter,
          minmay_temple_entry_water_ring

Skill      XL: |  1  2  3  4  5  6  7 |
---------------+----------------------+-----
Shields        | 4 5 |  5.6
Fighting       | 4 5 |  5.7
Armour         | 4 5 |  5.6
Axes           | 3 4 |  4.8
Invocations    | 1 2 3 |  3.0

Action                   |  1- 3 |  4- 6 |  7- 9 || total
-------------------------+-------+-------+-------++-------
Melee: War axe           |    86 |   136 |    35 ||   257
       Headbutt          |    16 |    20 |     8 ||    44
       Unarmed           |       |     3 |       ||     3
Invok: Heroism           |       |     1 |     1 ||     2
  Eat: Chunk             |     2 |     6 |       ||     8
       Ration            |       |       |     1 ||     1
Armor: Scale mail        |    34 |    67 |    23 ||   124
       Skin              |       |     2 |       ||     2
Dodge: Dodged            |    25 |    37 |    13 ||    75
Block: Shield            |    40 |    64 |    23 ||   127
